 Dungeon Crawl Stone Soup version 0.22-a0-362-g535178c (webtiles) character file.

9643 iamserjio the Grappler (level 11, -1/99 HPs)
             Began as a Naga Transmuter on Apr 21, 2018.
             Was an Initiate of Gozag.
             Slain by a freezing wraith (12 damage)
             ... led by a death knight
             ... on level 11 of the Dungeon.
             The game lasted 00:48:25 (12293 turns).

iamserjio the Grappler (Naga Transmuter)           Turns: 12293, Time: 00:48:26

Health: -1/99      AC:  7    Str: 21    XL:     11   Next: 49%
Magic:  15/20      EV:  9    Int: 14    God:    Gozag
Gold:   2048       SH:  0    Dex: 11    Spells: 6/22 levels left

rFire    + . .     SeeInvis +     - Unarmed
rCold    . . .     Gourm    .   (shield currently unavailable)
rNeg     . . .     Faith    .   K - +1 ring mail of the Invisible Hand {Str+5}
rPois    +         Spirit   .   (no helmet)
rElec    .         Reflect  .   y - scarf {cloud immunity}
rCorr    +         Harm     .   (gloves currently unavailable)
MR       +....                  (no barding)
Stlth    +++.......             (no amulet)
HPRegen  0.26/turn              D - ring of resist corrosion
MPRegen  0.17/turn              o - ring of protection from fire

@: blade hands, slowed, very slow
A: large, see invisible, deformed body, poison resistance, slowness 2, slow
metabolism 1, spit poison 1, AC +3
a: Spit Poison, End Transformation, Potion Petition, Call Merchant, Bribe
Branch, Renounce Religion


You were on level 11 of the Dungeon.
You worshipped Gozag.
Gozag was most pleased with you.
You were hungry.
You had blades for hands.
You visited 1 branch of the dungeon, and saw 11 of its levels.
You also visited: Sewer.

You collected 2091 gold pieces.
You paid 43 gold pieces to Gozag.

Inventory:

Missiles
 a - 193 arrows
Armour
 u - a cursed +0 pair of gloves (melded)
 w - a +0 shield
 y - a scarf of cloud immunity (worn)
 K - the +1 ring mail of the Invisible Hand (worn) {Str+5}
   (You took it off a gnoll shaman on level 8 of the Dungeon)

   It affects your strength (+5).
Jewellery
 h - an uncursed ring of magical power
 o - a ring of protection from fire (right scythe-like blade)
 C - an uncursed ring of ice
 D - a ring of resist corrosion (left scythe-like blade)
Wands
 b - a wand of random effects (11)
 G - a wand of scattershot (5)
 H - a wand of flame (28)
Scrolls
 c - 4 scrolls of remove curse
 i - 2 scrolls of enchant armour {unknown}
 j - 4 scrolls of teleportation {unknown}
 k - 3 scrolls of fear {unknown}
 n - 2 scrolls of magic mapping {unknown}
 p - 4 scrolls of amnesia
 s - a scroll of blinking
 B - a scroll of random uselessness {unknown}
 E - 2 scrolls of immolation {unknown}
 L - a scroll of noise {unknown}
Potions
 e - a potion of ambrosia {unknown}
 f - 3 potions of haste {unknown}
 g - 6 potions of curing
 l - 2 potions of heal wounds
 m - 3 potions of cancellation
 q - 2 potions of berserk rage {unknown}
 r - 3 potions of flight {unknown}
 t - 4 potions of mutation
 v - 2 potions of resistance {unknown}
 x - a potion of invisibility {unknown}
 z - 3 potions of lignification
 A - a potion of brilliance {unknown}
 F - a potion of degeneration {unknown}
 I - a potion of might {unknown}
 J - a potion of agility {unknown}
Comestibles
 d - 17 rations


   Skills:
 + Level 6.5 Fighting
 - Level 1.5 Dodging
 - Level 7.0 Stealth
 * Level 11.8 Unarmed Combat
 - Level 6.0 Spellcasting
 + Level 9.1 Transmutations


You had 6 spell levels left.
You knew the following spells:

 Your Spells              Type           Power        Failure   Level  Hunger
a - Beastly Appendage     Tmut           ####..       13%         1    None
b - Spider Form           Tmut/Pois      ###.......   50%         3    ###....
c - Sticks to Snakes      Tmut           ####....     14%         2    #......
d - Blade Hands           Tmut           ####......   58%         5    ######.
e - Passwall              Tmut/Erth      ###.......   36%         2    #......
f - Regeneration          Chrm/Necr      #.........   92%         3    ###....


Dungeon Overview and Level Annotations

Branches:
Dungeon (11/15)            Temple (0/1) D:5            Lair (0/6) D:9
    Orc: D:9-12

Altars:
Cheibriados
Elyvilon
Fedhas
Gozag
Hepliaklqana
Makhleb
Qazlal
Ru
Trog
Zin
The Shining One

Shops:
D:9 =

Annotations:
D:10 Fannar


Innate Abilities, Weirdness & Mutations

You cannot wear boots.
Your serpentine skin is tough. (AC +3)
You have supernaturally acute eyesight. (SInv)
Armour fits poorly on your strangely shaped body.
Your system is resistant to poisons. (rPois)
You cover ground very slowly.
You have a slow metabolism.
You can spit poison.


Message History

Your hands turn into razor-sharp scythe blades.
Your cursed +0 pair of gloves melds into your body.
You are feeling hungry.
The freezing wraith hits you. The freezing wraith freezes you!!
The freezing wraith hits you. The freezing wraith drains your vigour!
You feel yourself slow down.
You hit the freezing wraith.
The freezing wraith is lightly damaged.
The freezing wraith hits you but does no damage.
The freezing wraith misses you. The freezing wraith hits you!
The freezing wraith freezes you! The freezing wraith hits you.
The freezing wraith drains your vigour!
You feel as though you will be slow longer.
You slash the freezing wraith!
The freezing wraith is heavily damaged.
The freezing wraith hits you! The freezing wraith freezes you!!
* * * LOW HITPOINT WARNING * * *
The freezing wraith hits you!
You die...
Your body crumbles into a pile of gold. .. ... .p.. ...
Wl...

.. ......### #.#
#..#### ..
##....### .#
###....##.#
###W@...# ###..##
### ##..### ###..
##....## ###.<..
#..#...####....).
#..###..##.....).
##.##
##.......... #..#
##......... #.##
###.....).


You could see a freezing wraith.

Vanquished Creatures
  2 two-headed ogres
  A cyclops (D:10)
  Prince Ribbit (D:6)
  2 hornets
  4 hippogriffs
  5 yaks (D:9)
  Eustachio (D:6)
  5 wyverns
  A hungry ghost (D:9)
  Duvessa (D:6)
  2 orc warriors (D:7)
  4 sky beasts
  4 ice beasts
  3 phantoms
  A necrophage (D:10)
  5 ogres
  5 centaurs
  2 big kobolds
  4 bullfrogs
  Dowan (D:6)
  A scorpion (D:7)
  A water moccasin skeleton (D:8)
  8 killer bees
  7 wights
  2 howler monkeys
  7 crimson imps
  A centaur zombie (D:10)
  4 hounds
  3 orc priests
  2 jellies (D:7)
  A gnoll shaman (D:8)
  3 orc wizards
  2 bullfrog skeletons
  A centaur skeleton (D:9)
  Jessica (D:3)
  Terence (D:3)
  6 iguanas
  6 worker ants
  A mummy (D:4)
  6 gnolls
  3 river rats
  7 adders
  A shadow imp (D:5)
  3 oozes
  An adder zombie (D:6)
  3 worms
  3 dart slugs
  7 leopard geckos
  29 orcs
  7 giant cockroaches
  13 goblins
  8 hobgoblins
  21 jackals
  7 quokkas
  2 ball pythons
  9 bats
  A frilled lizard (D:1)
  A jackal zombie (D:8)
  8 kobolds
  A leopard gecko skeleton (D:7)
  A leopard gecko zombie (D:7)
  2 rats
256 creatures vanquished.

Notes
Turn   | Place    | Note
-------+----------+-------------------------------------------
     0 | D:1      | iamserjio the Naga Transmuter began the quest for the Orb.
     0 | D:1      | Reached XP level 1. HP: 18/18 MP: 3/3
   504 | D:1      | Reached XP level 2. HP: 12/25 MP: 5/5
   510 | D:1      | HP: 1/25 [jackal (3)]
  1158 | D:1      | Found a glowing golden altar of the Shining One.
  1273 | D:1      | Reached XP level 3. HP: 28/31 MP: 6/6
  1550 | D:1      | Learned a level 3 spell: Spider Form
  1553 | D:1      | Learned a level 2 spell: Sticks to Snakes
  2432 | D:2      | Reached skill level 4 in Unarmed Combat
  2432 | D:2      | Reached XP level 4. HP: 38/38 MP: 7/7
  2589 | D:3      | Noticed Jessica
  2598 | D:3      | Killed Jessica
  2623 | D:3      | Found a glowing drain.
  2649 | D:3      | Reached XP level 5. HP: 32/44 MP: 1/8
  2653 | Sewer    | Entered a sewer
  2981 | Sewer    | Noticed a big kobold
  3004 | Sewer    | Killed a big kobold
  3004 | Sewer    | Reached skill level 1 in Stealth
  3169 | Sewer    | Found a glowing silver altar of Zin.
  3499 | D:3      | Reached skill level 5 in Unarmed Combat
  3499 | D:3      | Reached XP level 6. HP: 51/51 MP: 5/9
  3561 | D:3      | Found a bloodstained altar of Trog.
  3561 | D:3      | Found a glowing silver altar of Zin.
  3569 | D:3      | Found an opulent altar of Gozag.
  3594 | D:3      | Became a worshipper of Gozag Ym Sagoz the Greedy
  3918 | D:3      | Noticed Terence
  3929 | D:3      | Killed Terence
  4142 | D:4      | Reached XP level 7. HP: 32/57 MP: 7/10
  4273 | D:5      | Entered Level 5 of the Dungeon
  4526 | D:4      | Found the +8 Wrath of Trog {antimagic, *Rage}
  4758 | D:4      | HP: 2/57 [phantom (4)]
  4760 | D:4      | Reached skill level 6 in Unarmed Combat
  4765 | D:4      | HP: 1/57 [poisoned by an adder]
  5144 | D:4      | Found a snail-covered altar of Cheibriados.
  5603 | D:5      | Reached skill level 5 in Transmutations
  5604 | D:5      | Found a staircase to the Ecumenical Temple.
  5626 | D:5      | Reached XP level 8. HP: 61/64 MP: 5/12
  5732 | D:5      | Noticed a hippogriff
  5744 | D:5      | Killed a hippogriff
  5744 | D:5      | Reached skill level 5 in Stealth
  6071 | D:5      | Reached skill level 7 in Unarmed Combat
  6748 | D:6      | Noticed Eustachio
  6768 | D:6      | Killed Eustachio
  6768 | D:6      | Reached XP level 9. HP: 45/70 MP: 13/15
  6892 | D:6      | Noticed Duvessa
  6892 | D:6      | Noticed Dowan
  6938 | D:6      | Reached skill level 8 in Unarmed Combat
  7040 | D:6      | Killed Duvessa
  7042 | D:6      | Killed Dowan
  7085 | D:6      | Noticed Prince Ribbit
  7093 | D:6      | Killed Prince Ribbit
  7480 | D:7      | Noticed a hornet
  7490 | D:7      | Killed a hornet
  7634 | D:7      | Reached skill level 5 in Spellcasting
  7650 | D:7      | Reached skill level 9 in Unarmed Combat
  8214 | D:6      | Reached XP level 10. HP: 57/85 MP: 17/17
  8650 | D:7      | Learned a level 5 spell: Blade Hands
  8653 | D:7      | Learned a level 2 spell: Passwall
  8780 | D:7      | Reached skill level 10 in Unarmed Combat
  8946 | D:8      | Found a stormy altar of Qazlal.
  8946 | D:8      | Found a white marble altar of Elyvilon.
  8949 | D:8      | Found a hazy altar of Hepliaklqana.
  8949 | D:8      | Found a blossoming altar of Fedhas.
  8949 | D:8      | Found a sacrificial altar of Ru.
  8949 | D:8      | Found a burning altar of Makhleb.
  9099 | D:8      | Learned a level 3 spell: Regeneration
  9114 | D:8      | Noticed a two-headed ogre
  9125 | D:8      | Killed a two-headed ogre
  9131 | D:8      | Reached skill level 5 in Fighting
  9360 | D:8      | Paralysed by a hornet for 2 turns
  9618 | D:8      | Got a faintly glowing ring mail
  9629 | D:8      | Identified the +1 ring mail of the Invisible Hand {Str+5} (You took it off a gnoll shaman on level 8 of the Dungeon)
 10045 | D:9      | Found a staircase to the Lair.
 10181 | D:9      | Reached skill level 11 in Unarmed Combat
 10285 | D:10     | Entered Level 10 of the Dungeon
 10768 | D:9      | Reached XP level 11. HP: 83/97 MP: 15/19
 10934 | D:9      | Found Dise Sas's Jewellery Shop.
 11478 | D:10     | Noticed a cyclops
 11491 | D:10     | Killed a cyclops
 11753 | D:10     | Noticed a two-headed ogre
 11762 | D:10     | Killed a two-headed ogre
 11996 | D:10     | Noticed Fannar
 12284 | D:11     | Noticed a death knight
 12293 | D:11     | Slain by a freezing wraith

Vault maps used:
D:1:      tarquinn_simple_flora_water_a, serial_forest, infiniplex_forest_end_1,
          infiniplex_forest_clump_diagonal, infiniplex_forest_zigzag_1,
          infiniplex_forest_end_3, infiniplex_forest_clump_curved,
          infiniplex_forest_straight_1, tso_metal_star
D:3:      minitemple, cheibrodos_sewer_entry_sluice, uniq_jessica, uniq_terence
D:4:      chei_slow_surprise
D:5:      temple_fountains, first_ration, minmay_ogre_servants
D:6:      uniq_duvessa, uniq_prince_ribbit1, uniq_eustachio
D:8:      grunt_temple_overflow_open
D:9:      lair_entry_dummy, serial_shops, shop
D:10:     uniq_fannar
D:11:     uniq_grum
Sewer:    sewer_kobolds

Skill      XL: |  1  2  3  4  5  6  7  8  9 10 11 |
---------------+----------------------------------+-----
Transmutations | 3 4 5 6 7 8 9 |  9.1
Unarmed Combat | 4 5 6 7 9 11 | 11.8
Stealth        | 2 3 4 6 7 |  7.0
Spellcasting   | 3 4 5 6 |  6.0
Fighting       | 3 5 6 |  6.5
Dodging        | |  1.5

Action                   |  1- 3 |  4- 6 |  7- 9 | 10-12 || total
-------------------------+-------+-------+-------+-------++-------
Melee: Unarmed           |   121 |   136 |   343 |   320 ||   920
       Punch             |     4 |     1 |     3 |       ||     8
 Cast: Spider Form       |       |    17 |    34 |    37 ||    88
       Blade Hands       |       |       |       |     1 ||     1
       Sticks to Snakes  |       |       |       |     1 ||     1
 Abil: Spit Poison       |    25 |     7 |    13 |     5 ||    50
       End Transformatio |       |       |     1 |       ||     1
  Use: Scroll            |       |       |     5 |     4 ||     9
       Potion            |       |       |       |     2 ||     2
 Stab: Sleeping          |       |     1 |     5 |     5 ||    11
       Distracted        |       |       |       |     1 ||     1
  Eat: Chunk             |     4 |     5 |       |       ||     9
       Ration            |       |     1 |     4 |     5 ||    10
Armor: Robe              |    53 |     5 |    10 |       ||    68
       Skin              |       |     5 |     9 |    13 ||    27
       Leather armour    |       |       |    11 |     8 ||    19
       Ring mail         |       |       |       |    13 ||    13
Dodge: Dodged            |   108 |    95 |   222 |   210 ||   635

Table legend:
 A = Spawn XP
 B = Non-spawn XP
 C = Spawn XP percentage of total XP
 D = Spawn monster count
 E = Non-spawn monster count
 F = Spawn count percentage of total count
 G = Total turns spent on level
                    A         B        C        D         E        F      G
               +---------+---------+-------+---------+---------+-------+---------
         Total |       0 |   13777 |   0.0 |       0 |     256 |   0.0 | 12293
               +---------+---------+-------+---------+---------+-------+---------
           D:1 |       0 |      42 |   0.0 |       0 |      22 |   0.0 |  1554
           D:2 |       0 |      42 |   0.0 |       0 |      16 |   0.0 |   964
           D:3 |       0 |     146 |   0.0 |       0 |      20 |   0.0 |   960
           D:4 |       0 |     567 |   0.0 |       0 |      24 |   0.0 |  1191
           D:5 |       0 |     973 |   0.0 |       0 |      21 |   0.0 |  1092
           D:6 |       0 |    1391 |   0.0 |       0 |      27 |   0.0 |  1259
           D:7 |       0 |    2274 |   0.0 |       0 |      33 |   0.0 |  1342
           D:8 |       0 |    2340 |   0.0 |       0 |      23 |   0.0 |  1050
           D:9 |       0 |    2788 |   0.0 |       0 |      35 |   0.0 |  1421
          D:10 |       0 |    2790 |   0.0 |       0 |      20 |   0.0 |   631
          D:11 |       0 |     290 |   0.0 |       0 |       6 |   0.0 |   266
         Sewer |       0 |     134 |   0.0 |       0 |       9 |   0.0 |   563
               +---------+---------+-------+---------+---------+-------+---------
